 Dungeon Crawl Stone Soup version 0.20.1-1-g8b1a95d (webtiles) character file.

219 Gremour the Slasher (level 5, -1/46 HPs)
             Began as a Minotaur Monk on Dec 23, 2017.
             Slain by an orc wizard
             ... wielding a +0 dagger of venom
              (3 damage)
             ... on level 4 of the Dungeon.
             The game lasted 00:12:36 (2307 turns).

Gremour the Slasher (Minotaur Monk)                 Turns: 2307, Time: 00:12:37

Health: -1/46      AC:  3    Str: 15    XL:     5   Next: 63%
Magic:  4/4        EV: 13    Int:  7    God:
Gold:   121        SH:  0    Dex: 14    Spells: 4/4 levels left

rFire    . . .     SeeInvis .   a - +0 falchion
rCold    . . .     Gourm    .   (no shield)
rNeg     + . .     Faith    .   e - +0 leather armour
rPois    .         Spirit   .   (helmet restricted)
rElec    .         Reflect  .   (no cloak)
rCorr    .         Harm     .   (no gloves)
MR       .....                  (no boots)
Stlth    ++........             (no amulet)
Regen    0.2/turn               o - ring of positive energy
MPRegen  0.1/turn               (no ring)

@: lethally poisoned (-1 -> -10), hasted, very quick
A: retaliatory headbutt, horns 2
a: no special abilities


You were on level 4 of the Dungeon.
You were not hungry.

You visited 1 branch of the dungeon, and saw 4 of its levels.

You collected 121 gold pieces.

Inventory:

Hand Weapons
 a - a +0 falchion (weapon)
Armour
 e - a +0 leather armour (worn)
Jewellery
 o - a ring of positive energy (left hand)
Wands
 m - a wand of lightning (0/15)
Scrolls
 d - a scroll of recharging {unknown}
 g - a scroll of teleportation {unknown}
 i - 3 scrolls of identify
 j - a scroll of remove curse
 l - a scroll of fear {unknown}
Comestibles
 b - 3 chunks of flesh
 c - 4 bread rations
 f - 2 royal jellies
 k - 3 fruits


   Skills:
 + Level 3.7 Fighting
 * Level 7.7 Long Blades
 - Level 3.2 Dodging
 - Level 1.5 Stealth


You had 4 spell levels left.
You didn't know any spells.

Dungeon Overview and Level Annotations

Branches:
Dungeon (4/15)
 Temple: D:4-7

Altars:
Kikubaaqudgha
Trog
Yredelemnul

Annotations:
D:3 soepske's ghost, amateur DsAK
D:4 OnekoMk1's ghost, amateur DEAE


Innate Abilities, Weirdness & Mutations

You reflexively headbutt those who attack you in melee.
You have a pair of horns on your head.


Message History

* * * LOW HITPOINT WARNING * * *
You feel sick.
You feel sick.
You see here a club.
You feel sick.
The orc wizard looks satisfied for a moment.
You feel sick.
You feel sick.
The orc wizard hits you with a dagger of venom.
* * * LOW HITPOINT WARNING * * *
You are more poisoned.
You slash the orc wizard!
The orc wizard is heavily wounded.
You hit the orc wizard but do no damage.
The orc wizard is heavily wounded.
* * * LOW HITPOINT WARNING * * *
You feel sick. The orc wizard closely misses you. You furiously retaliate!
You headbutt the orc wizard, but do no damage.
The orc wizard hits you with a dagger of venom.
You die...

#.######
#.........
#......#
#.......[.
######.#
#..o.W....
#.#
#.........
#.#
#####{#######
#.# #.o..o#
#.# #.#####
#.# #.# #@#
#.# #o####.#
#...o).#
########


You could see an orc wizard.

Vanquished Creatures
  A necrophage (D:2)
  Ijyb (D:3)
  4 adders
  3 worms (D:2)
  A dart slug (D:3)
  3 leopard geckos
  6 bats
  2 giant cockroaches
  10 goblins
  3 hobgoblins
  4 jackals
  3 frilled lizards
  3 kobolds
  4 rats
48 creatures vanquished.

Vanquished Creatures (others)
  A human (D:3)
  A centaur zombie (D:3)
  A bat (D:3)
3 creatures vanquished.

Grand Total: 51 creatures vanquished

Notes
Turn   | Place    | Note
-------+----------+-------------------------------------------
     0 | D:1      | Gremour the Minotaur Monk began the quest for the Orb.
     0 | D:1      | Reached XP level 1. HP: 19/19 MP: 0/0
   168 | D:1      | Reached skill level 4 in Long Blades
   253 | D:1      | Reached XP level 2. HP: 25/26 MP: 1/1
   630 | D:2      | Found an ancient bone altar of Kikubaaqudgha.
   744 | D:2      | Found a faded altar of an unknown god.
   864 | D:2      | Found a bloodstained altar of Trog.
   952 | D:2      | Reached skill level 5 in Long Blades
   952 | D:2      | Reached XP level 3. HP: 31/31 MP: 2/2
  1457 | D:3      | Noticed a necrophage
  1484 | D:2      | Killed a necrophage
  1484 | D:2      | Reached skill level 7 in Long Blades
  1484 | D:2      | Reached XP level 4. HP: 31/39 MP: 3/3
  1484 | D:2      | Reached XP level 5. HP: 35/45 MP: 4/4
  1566 | D:3      | Noticed soepske's ghost (amateur DsAK)
  1572 | D:3      | Noticed Ijyb
  1624 | D:3      | Found a runed door.
  1624 | D:3      | Noticed a human
  1628 | D:3      | Found a basalt altar of Yredelemnul.
  1943 | D:3      | Killed Ijyb
  2035 | D:3      | Killed a human
  2041 | D:3      | Noticed an ogre
  2275 | D:4      | Noticed OnekoMk1's ghost (amateur DEAE)
  2307 | D:4      | HP: 2/46 [poisoned by an orc wizard]
  2307 | D:4      | Slain by an orc wizard

Skill      XL: |  1  2  3 |
---------------+----------+-----
Long Blades    | 4 5 7 |  7.7
Fighting       | |  3.7
Dodging        | |  3.2
Stealth        | |  1.5

Action                   |  1- 3 |  4- 6 || total
-------------------------+-------+-------++-------
Melee: Falchion          |    64 |    52 ||   116
       Headbutt          |    16 |     9 ||    25
  Use: Potion            |       |     4 ||     4
       Scroll            |       |     3 ||     3
 Stab: Sleeping          |     5 |       ||     5
       Distracted        |       |     1 ||     1
  Eat: Chunk             |     2 |     2 ||     4
Armor: Robe              |    12 |     9 ||    21
       Leather armour    |       |     7 ||     7
Dodge: Dodged            |    58 |    37 ||    95
       Rpst.: Falchion   |    18 |     6 ||    24
